Map: [ESL] Solaris

Players

Scarlett - Winner!

  • Race: Zerg Zerg
  • Spawn Location: 1:00

eGGz

  • Race: Zerg Zerg
  • Spawn Location: 7:00

Event: ESL SC2 Masters 2023 Winter (Regional)

VOD

Have the link to the VOD?

Description

Time

  • Played on: Nov. 10, 2023, 1:13 p.m.
  • Length: 7:26

All games in this series

Show
View Real Time Build Order
Export as new Build Order

Scarlett Zerg - Winner!

Build Orders: Hatch First, Zergling Baneling 

Get SALT Encoding   

  12  0:00  Drone  
  13  0:12  Overlord  
  13  0:17  Drone  
  14  0:30  Drone x2  
  16  0:47  Hatchery  
  15  0:51  Drone  
  15  0:54  Drone  
  17  0:57  Drone  
  18  1:08  Extractor  
  17  1:13  Spawning Pool  
  17  1:15  Drone  
  17  1:19  Drone  
  18  1:28  Drone  
  19  1:38  Drone  
  20  1:49  Drone  
  21  1:59  Queen x2  
  21  2:00  Zergling x2, Overlord  
  26  2:08  Metabolic Boost  
  26  2:11  Drone x2  
  28  2:20  Drone  
  29  2:27  Drone  
  30  2:35  Hatchery  
  29  2:38  Zergling x2  
  29  2:40  Drone  
  29  2:41  Drone  
  32  2:47  Baneling Nest  
  32  2:50  Overlord  
  31  2:57  Drone x2  
  33  3:04  Drone  
  34  3:06  Zergling x2  
  34  3:11  Zergling x10  
  42  3:20  Zergling x4  
  42  3:23  Overlord  
  42  3:31  Baneling x2  
  42  3:34  Baneling x2  
  42  3:39  Drone x2  
  42  3:40  Baneling  
  44  3:43  Drone x3  
  44  3:44  Drone x3  
  44  3:46  Queen  
  51  3:59  Zergling x12  
  56  4:07  Zergling x2  
  54  4:17  Zergling x10  
  53  4:20  Baneling x3  
  53  4:21  Baneling  
  53  4:23  Drone x2  
  51  4:35  Zergling x6, Roach Warren  
  53  4:52  Drone x4  
  57  4:53  Baneling x2  
  57  4:56  Baneling  
  57  4:57  Baneling  
  56  5:01  Zergling x8  
  54  5:07  Zergling x8  
  58  5:14  Zergling x2  
  58  5:15  Overlord x2  
  58  5:18  Extractor  
  58  5:19  Extractor  
  56  5:24  Baneling  
  56  5:25  Baneling  
  55  5:32  Zergling x4  
  55  5:33  Overlord  
  57  5:36  Overlord  
  56  5:43  Zergling x8  
  56  5:49  Drone x6  
  62  6:01  Drone x3  
  65  6:09  Roach x3  
  75  6:18  Roach x2  
  75  6:23  Roach  
  77  6:27  Roach  
  76  6:33  Roach  
  76  6:34  Roach x4  
  79  6:42  Roach x4  
  81  6:47  Overlord  
  81  6:48  Overlord  
  81  6:55  Zergling x10  
  81  6:59  Zergling x2  
  81  7:00  Zergling x6  
  90  7:04  Overlord  
  90  7:05  Overlord  
  90  7:07  Zergling x6  
Show
View Real Time Build Order
Export as new Build Order

eGGz Zerg 

Build Orders: Hatch First, Zergling Baneling 

Get SALT Encoding   

  12  0:00  Drone  
  13  0:12  Overlord  
  13  0:17  Drone  
  14  0:30  Drone x2  
  14  0:35  Drone  
  17  0:52  Hatchery  
  17  0:55  Drone  
  17  1:01  Drone  
  18  1:09  Extractor  
  17  1:15  Spawning Pool  
  17  1:17  Drone  
  17  1:20  Drone  
  18  1:29  Drone  
  19  1:39  Drone  
  20  1:51  Overlord  
  20  2:00  Drone  
  21  2:03  Queen  
  21  2:04  Drone, Queen  
  26  2:11  Drone, Metabolic Boost  
  27  2:19  Zergling x2  
  27  2:22  Drone  
  29  2:27  Drone  
  30  2:36  Hatchery  
  29  2:46  Drone x2  
  29  2:47  Baneling Nest  
  30  2:55  Overlord  
  30  2:56  Drone  
  30  2:57  Zergling x4  
  33  3:04  Zergling x2  
  34  3:13  Zergling x4  
  36  3:26  Zergling x6  
  36  3:27  Zergling x6  
  42  3:33  Baneling x2  
  42  3:34  Baneling  
  42  3:35  Baneling  
  42  3:37  Zergling x4  
  44  3:44  Overlord  
  44  3:49  Zergling x12  
  50  3:59  Zergling x4  
  41  4:05  Zergling x4  
  34  4:17  Zergling x12  
  34  4:20  Queen  
  34  4:23  Baneling x2  
  42  4:25  Zergling x4  
  42  4:28  Zergling x2  
  42  4:31  Zergling x2  
  44  4:32  Baneling  
  44  4:33  Baneling  
  44  4:35  Drone  
  45  4:39  Drone  
  45  4:43  Zergling x2  
  46  4:47  Drone  
  46  4:49  Drone  
  48  4:53  Drone  
  48  5:03  Drone x2  
  48  5:06  Zergling x8  
  48  5:09  Zergling x2  
  46  5:15  Drone x2  
  46  5:19  Baneling  
  46  5:20  Baneling x2, Roach Warren  
  46  5:22  Baneling  
  46  5:25  Drone  
  47  5:28  Drone  
  47  5:29  Drone  
  47  5:31  Drone  
  50  5:38  Drone  
  46  5:44  Drone  
  46  5:45  Drone  
  46  5:46  Overlord  
  46  5:48  Drone  
  46  5:55  Overlord  
  46  5:56  Drone x2  
  47  6:00  Roach  
  47  6:01  Baneling  
  47  6:02  Baneling  
  47  6:03  Baneling  
  49  6:05  Baneling  
  49  6:09  Zergling x4  
  51  6:16  Drone x2  
  53  6:20  Drone  
  53  6:21  Drone x3  
  53  6:24  Baneling  
  53  6:25  Baneling  
  57  6:27  Drone x2  
  57  6:34  Drone x4  
  46  6:41  Drone  
  46  6:44  Zergling x2  
  46  6:48  Zergling x2  
  46  6:49  Zergling x2  
  46  6:50  Queen  
  46  6:52  Roach  
  54  6:57  Drone  
  55  7:02  Evolution Chamber  
  55  7:03  Extractor  
  55  7:04  Drone x2  
  55  7:05  Extractor  
  55  7:07  Baneling x2  
  55  7:08  Zergling x2  
Tags
 
Add a new tag
Caveats
  • Supply blocks, unpowered buildings, or Contaminate may cause inaccurate times.
  • Supply counts are checked every 10 seconds.